 Dungeon Crawl Stone Soup version 0.24.0-123-gd5b16e6ec5 (webtiles) character file.

Game seed: 15885983200180193107, levelgen mode: deterministic

19527 Elellon the Fencer (level 12, -5/102 HPs)
             Began as a Hill Orc Fighter on Jan 9, 2020.
             Was a High Priest of Okawaru.
             Killed by divine providence
             ... invoked by a meliai
              (10 damage)
             ... on level 13 of the Dungeon.
             The game lasted 00:27:30 (12305 turns).

Elellon the Fencer (Hill Orc Fighter)              Turns: 12305, Time: 00:27:31

Health: -5/102     AC: 17    Str: 24    XL:     12   Next: 69%
Magic:  0/12       EV:  5    Int:  8    God:    Okawaru [*****.]
Gold:   673        SH: 11    Dex: 10    Spells: 11/11 levels left

rFire    + . .     SeeInvis .   E - +11 falchion of Woe {slice, rN+}
rCold    . . .     Gourm    .   c - +0 shield
rNeg     + . .     Faith    .   F - +0 plate armour
rPois    +         Spirit   +   h - +0 helmet
rElec    .         Reflect  .   C - scarf {Spirit}
rCorr    .         Harm     .   v - +0 pair of gloves
MR       .....                  y - +0 pair of boots
Stlth    ..........             (no amulet)
HPRegen  0.27/turn              l - ring of poison resistance
MPRegen  0.13/turn              r - ring of protection from fire

@: no status effects
A: no striking features
a: Heroism, Finesse, Renounce Religion


You were on level 13 of the Dungeon.
You worshipped Okawaru.
Okawaru was extremely pleased with you.
You were not hungry.

You visited 2 branches of the dungeon, and saw 14 of its levels.

You collected 673 gold pieces.

Inventory:

Hand Weapons
 a - a +0 war axe
 E - the +11 falchion of Woe (weapon) {slice, rN+}
   (You found it on level 7 of the Dungeon)

   It inflicts extra damage upon your enemies.
   It protects you from negative energy.
 L - a +0 eveningstar of protection
Missiles
 G - 7 silver javelins (quivered)
Armour
 c - a +0 shield (worn)
 h - a +0 helmet (worn)
 v - a +0 pair of gloves (worn)
 y - a +0 pair of boots (worn)
 C - a scarf of spirit shield (worn)
 F - a +0 plate armour (worn)
Jewellery
 g - a cursed -4 ring of strength {unknown}
 l - a ring of poison resistance (left hand)
 r - a ring of protection from fire (right hand)
 z - an uncursed ring of fire
 A - an uncursed ring of protection from cold
Wands
 b - a wand of scattershot (6)
 x - a wand of random effects (17)
 B - a wand of flame (19)
 D - a wand of polymorph (6)
 H - a wand of iceblast (6)
Scrolls
 e - 5 scrolls of remove curse
 i - 10 scrolls of identify
 j - 4 scrolls of blinking {unknown}
 n - 4 scrolls of enchant armour {unknown}
 o - 3 scrolls of teleportation {unknown}
 s - 2 scrolls of fear {unknown}
 u - 2 scrolls of amnesia {unknown}
 I - a scroll of immolation {unknown}
Potions
 d - 2 potions of might
 k - 2 potions of invisibility {unknown}
 m - 2 potions of flight
 p - 3 potions of heal wounds {unknown}
 q - 2 potions of degeneration {unknown}
 t - 3 potions of curing
 w - 3 potions of mutation {unknown}
 J - a potion of resistance {unknown}
Comestibles
 f - 16 rations
 K - 16 chunks of flesh


   Skills:
 + Level 8.2 Fighting
 * Level 15.3 Long Blades
 - Level 12.7 Axes
 + Level 1.6 Throwing
 - Level 7.1 Armour
 + Level 7.5 Shields


You had 11 spell levels left.
You didn't know any spells.
Your spell library contained the following spells:

 Spells                   Type           Power        Failure   Level  Hunger
 Sandblast                Erth           #.....       100%        1    ##.....
 Passwall                 Tmut/Erth      #.......     100%        2    ###....
 Stone Arrow              Conj/Erth      #.....       100%        3    ####...
 Petrify                  Tmut/Erth      #.......     100%        4    #####..
 Bolt of Magma            Conj/Fire/Erth #.........   100%        5    ######.
 Iskenderun's Battlesphe  Conj/Chrm      #.......     100%        5    ######.
 Lee's Rapid Deconstruct  Erth           #.........   100%        5    ######.
 Venom Bolt               Conj/Pois      #.........   100%        5    ######.
 Iron Shot                Conj/Erth      #.........   100%        6    #######
 Orb of Destruction       Conj           #.........   100%        7    #######
 Spellforged Servitor     Conj/Summ      #.........   100%        7    #######


Dungeon Overview and Level Annotations

Branches:
Dungeon (13/15)            Temple (1/1) D:6            Lair (0/6) D:8
    Orc (0/2) D:10
 Vaults: D:13-14

Altars:
Ashenzari
Cheibriados
Dithmenos
Elyvilon
Fedhas
Gozag
Kikubaaqudgha
Makhleb
Nemelex Xobeh
Okawaru
Qazlal
Ru
Sif Muna
Trog
Uskayaw
Vehumet
Wu Jian
Xom
Yredelemnul
Zin
The Shining One
Jiyva

Shops:
D:11 [


Message History

Unknown command.
You closely miss the meliai.
The meliai is moderately wounded.
You feel like a meek peon again. The meliai hits you with a +0 hand axe.
* * * LOW HITPOINT WARNING * * *
You block the meliai's attack.
You hit the meliai but do no damage.
The meliai is moderately wounded.
You block the meliai's attack. x2
You slash the meliai!
The meliai is severely wounded.
You block the meliai's attack.
The meliai stings you but does no damage.
Unknown command.
You hit the meliai but do no damage.
The meliai is severely wounded.
The meliai mumbles some strange prayers to its god against you.
Something smites you!
You die...

### #############
..##########....@)......
#..........'....)y...<..
############............
#............
#..>.........
#............
#............
##+##########


You could see a meliai.

Vanquished Creatures
  Kirke (D:12)
  2 two-headed ogres
  Urug (D:12)
  Sonja (D:12)
  Pikel (D:7)
  A deep elf mage (D:12)
  2 ugly things (D:11)
  Psyche (D:12)
  A centaur skeleton (D:12)
  A komodo dragon (D:12)
  An efreet (D:10)
  2 meliai (D:13)
  3 trolls (D:10)
  4 hippogriffs
  5 humans (D:6)
  A wyvern (D:13)
  2 hogs (D:12)
  10 yaks
  Eustachio (D:4)
  4 hungry ghosts
  Menkaure (D:5)
  A water moccasin (D:13)
  4 ice beasts
  3 sky beasts
  4 black bears
  8 orc warriors
  3 phantoms
  4 necrophages
  4 ogres
  13 centaurs
  3 crocodiles
  A big kobold (D:11)
  9 bullfrogs
  2 gnoll sergeants
  2 scorpions
  14 killer bees
  4 wights (D:11)
  2 howler monkeys
  A bullfrog zombie (D:8)
  3 quasits
  2 centaur zombies
  4 crimson imps
  A hound (D:11)
  8 jellies
  10 orc priests
  7 orc wizards
  Terence (D:2)
  3 iguanas
  Natasha (thrice) (D:2)
  13 worker ants
  2 killer bee zombies
  3 hound skeletons
  A mummy (D:6)
  A worker ant zombie (D:6)
  16 gnolls
  A howler monkey skeleton (D:4)
  9 adders
  A shadow imp (D:11)
  7 oozes
  An adder skeleton (D:4)
  3 dart slugs
  3 leopard geckos
  60 orcs
  7 bats
  4 giant cockroaches
  5 goblins
  4 hobgoblins
  6 jackals
  9 kobolds
  3 quokkas
  8 frilled lizards
  A quokka skeleton (D:4)
  A quokka zombie (D:9)
  4 rats
343 creatures vanquished.

Vanquished Creatures (others)
  3 humans (D:12)
  An orc wizard (D:7)
4 creatures vanquished.

Grand Total: 347 creatures vanquished

Notes
Turn   | Place    | Note
-------+----------+-------------------------------------------
     0 | D:1      | Elellon the Hill Orc Fighter began the quest for the Orb.
     0 | D:1      | Reached XP level 1. HP: 19/19 MP: 1/1
   104 | D:1      | Reached XP level 2. HP: 26/26 MP: 2/2
   433 | D:2      | Found a radiant altar of Vehumet.
   466 | D:2      | Found a sacrificial altar of Ru.
   483 | D:2      | Reached XP level 3. HP: 28/31 MP: 3/3
   486 | D:2      | Reached skill level 5 in Axes
   543 | D:2      | Reached XP level 4. HP: 39/39 MP: 4/4
   867 | D:2      | Noticed Terence
  1216 | D:2      | Killed Terence
  1304 | D:2      | Noticed Natasha
  1311 | D:2      | Reached XP level 5. HP: 24/45 MP: 5/5
  1318 | D:2      | Killed Natasha
  1374 | D:2      | Noticed Natasha
  1422 | D:2      | Killed Natasha
  1568 | D:2      | Noticed Natasha
  1585 | D:2      | Killed Natasha
  2050 | D:3      | Reached XP level 6. HP: 41/52 MP: 6/6
  2276 | D:3      | You fall into a shaft and drop 1 floor!
  2883 | D:4      | Found a sparkling altar of Nemelex Xobeh.
  3077 | D:4      | Reached XP level 7. HP: 59/59 MP: 7/7
  3232 | D:5      | Entered Level 5 of the Dungeon
  3232 | D:5      | Noticed Eustachio
  3235 | D:5      | Noticed Menkaure
  3259 | D:4      | Killed Eustachio
  3643 | D:5      | Reached skill level 5 in Fighting
  3643 | D:5      | Reached XP level 8. HP: 60/68 MP: 8/8
  4436 | D:5      | Reached skill level 10 in Axes
  4457 | D:5      | Killed Menkaure
  4457 | D:5      | Reached skill level 5 in Armour
  4457 | D:5      | Reached skill level 5 in Shields
  4770 | D:5      | Found a shimmering blue altar of Sif Muna.
  4983 | D:6      | Found a snail-covered altar of Cheibriados.
  5044 | D:6      | Reached XP level 9. HP: 75/77 MP: 9/9
  5085 | D:6      | Found a staircase to the Ecumenical Temple.
  5094 | Temple   | Entered the Ecumenical Temple
  5357 | D:6      | Found an ornate altar of the Wu Jian Council.
  6432 | D:7      | Noticed Pikel
  6443 | D:7      | Killed Pikel
  6443 | D:7      | Reached XP level 10. HP: 88/88 MP: 10/10
  6645 | D:7      | Got a translucent falchion
  6646 | D:7      | Identified the +11 falchion of Woe {slice, rN+} (You found
                  | it on level 7 of the Dungeon)
  6978 | D:8      | Reached skill level 1 in Long Blades
  6988 | D:8      | Reached skill level 2 in Long Blades
  7049 | D:8      | Found a sparkling altar of Nemelex Xobeh.
  7068 | D:8      | Reached skill level 3 in Long Blades
  7091 | D:8      | Reached skill level 4 in Long Blades
  7425 | D:8      | Found a basalt altar of Yredelemnul.
  7426 | D:8      | Found a stormy altar of Qazlal.
  7479 | D:8      | Found a viscous altar of Jiyva.
  7564 | D:8      | Reached skill level 5 in Long Blades
  7580 | D:8      | Found a burning altar of Makhleb.
  7669 | D:8      | Found an iron altar of Okawaru.
  7672 | D:8      | Became a worshipper of Warmaster Okawaru
  7675 | D:8      | Found a staircase to the Lair.
  7694 | D:8      | Reached skill level 6 in Long Blades
  7715 | D:8      | Reached skill level 7 in Long Blades
  7772 | D:8      | Reached * piety under Okawaru
  8016 | D:9      | Found a hide-covered altar of Uskayaw.
  8017 | D:9      | Noticed a +0 hand axe
  8017 | D:9      | Noticed a +0 dagger
  8156 | D:9      | Found an opulent altar of Gozag.
  8278 | D:9      | Reached skill level 8 in Long Blades
  8437 | D:9      | Reached skill level 9 in Long Blades
  8448 | D:9      | Reached XP level 11. HP: 88/93 MP: 9/11
  8473 | D:9      | Reached ** piety under Okawaru
  8553 | D:9      | Reached skill level 10 in Long Blades
  8890 | D:9      | Noticed a two-headed ogre
  8899 | D:9      | Killed a two-headed ogre
  8899 | D:9      | Reached *** piety under Okawaru
  8899 | D:9      | Reached skill level 11 in Long Blades
  9176 | D:10     | Entered Level 10 of the Dungeon
  9381 | D:10     | Found a staircase to the Orcish Mines.
  9393 | D:10     | You fall into a shaft and drop 1 floor!
  9399 | D:11     | Noticed a green ugly thing
  9415 | D:11     | Killed a green ugly thing
  9547 | D:11     | Found a basalt altar of Yredelemnul.
  9629 | D:11     | Found Buogia's Armour Boutique.
  9690 | D:11     | Reached skill level 12 in Long Blades
  9865 | D:11     | Noticed a red ugly thing
  9874 | D:11     | Killed a red ugly thing
 10207 | D:10     | Reached **** piety under Okawaru
 10686 | D:12     | Reached skill level 13 in Long Blades
 10694 | D:12     | Noticed Psyche
 10704 | D:12     | Received a gift from Okawaru
 10720 | D:12     | Killed Psyche
 10785 | D:12     | Noticed a two-headed ogre
 10786 | D:12     | Noticed Urug
 10786 | D:12     | Noticed a deep elf mage
 10834 | D:11     | Killed a two-headed ogre
 10834 | D:11     | Reached XP level 12. HP: 42/101 MP: 8/12
 11253 | D:12     | Reached ***** piety under Okawaru
 11253 | D:12     | Reached skill level 14 in Long Blades
 11307 | D:12     | Noticed Kirke
 11309 | D:12     | Noticed Sonja
 11339 | D:12     | Killed Kirke
 11339 | D:12     | Received a gift from Okawaru
 11370 | D:12     | Killed Sonja
 11631 | D:12     | Reached skill level 15 in Long Blades
 11890 | D:12     | Killed Urug
 12037 | D:13     | Reached skill level 1 in Throwing
 12302 | D:13     | HP: 5/102 [meliai/+0 hand axe (5)]
 12305 | D:13     | Killed from afar by a meliai

Levels and vault maps discovered:
D:1:      saegor_arrival_simple_c, layout_basic, minmay_misc_feat_tiny,
          minmay_misc_feat_plants
D:2:      layout_basic, lemuel_crystal_altar, nicolae_ru_awakened_eye,
          uniq_natasha, uniq_terence
D:3:      layout_rooms, first_ration
D:4:      layout_gridville, nemelex_diamond_rough_becter
D:5:      layout_basic, tgw_sif, uniq_eustachio, uniq_menkaure
D:6:      layout_cave_pools, overflow_temple_1_default, slow_altar_2,
          minmay_temple_entry_statues_fountains, minmay_ruffians
D:7:      layout_basic, uniq_pikel
D:8:      layout_loops_ring, nemelex_xobeh_ov_fountains_minmay,
          kennysheep_mini_moat, makhleb_blood_cavern_becter,
          chequers_temple_overflow_statue_of_worship, david_lair_generic,
          hangedman_little_slice_of_home
D:9:      layout_irregular_city, nicolae_overflow_hidden_temple,
          nicolae_overflow_crystal_walls, dancing_weapons_uskayaw,
          kennysheep_kite_vault
D:10:     minmay_opposing_rooms, layout_basic, hiddenorc1_lemuel
D:11:     layout_roguey, serial_shops, shop_fountains, yredelemnul_altar_generic
D:12:     layout_roguey, uniq_psyche, uniq_urug, uniq_kirke, uniq_sonja
D:13:     layout_roguey
Temple:   dpeg_three_leaves_temple

Skill      XL: |  1  2  3  4  5  6  7  8  9 10 11 12 |
---------------+-------------------------------------+-----
Axes           | 3 4 5 6 7 8 9 11 12 | 12.7
Fighting       | 4 5 6 7 8 |  8.2
Armour         | 4 5 7 |  7.1
Shields        | 4 5 7 |  7.5
Long Blades    | 9 13 15 | 15.3
Throwing       | 1 |  1.6

Action                   |  1- 3 |  4- 6 |  7- 9 | 10-12 || total
-------------------------+-------+-------+-------+-------++-------
Melee: War axe           |    57 |   222 |   396 |    17 ||   692
       Falchion          |       |       |       |   668 ||   668
       Unarmed           |       |       |       |     2 ||     2
Invok: Heroism           |       |       |       |     2 ||     2
  Use: Potion            |       |     2 |     1 |       ||     3
       Scroll            |       |       |     6 |       ||     6
  Eat: Chunk             |       |     7 |    11 |    23 ||    41
       Ration            |       |       |     1 |       ||     1
Armor: Scale mail        |    15 |    63 |       |       ||    78
       Chain mail        |       |    52 |   190 |    21 ||   263
       Plate armour      |       |       |       |   326 ||   326
Dodge: Dodged            |    17 |    55 |    69 |   109 ||   250
Block: Shield            |    30 |   112 |   180 |   351 ||   673
       Rpst.: Falchion   |       |       |       |    27 ||    27
